 Dungeon Crawl Stone Soup version 0.23.2-30-g0e89c35649 (webtiles) character file.

Game seed: 5902894500789606670

326 Revguard the Slasher (level 6, -5/36 HPs)
             Began as a Tengu Gladiator on June 13, 2019.
             Slain by a gnoll sergeant
             ... wielding a +3 spear of venom
              (10 damage)
             ... on level 3 of the Dungeon.
             The game lasted 00:10:47 (1901 turns).

Revguard the Slasher (Tengu Gladiator)              Turns: 1901, Time: 00:10:48

Health: -5/36      AC:  4    Str: 13 (14) XL:     6   Next: 49%
Magic:  7/7        EV: 16    Int:  8 (9)  God:
Gold:   99         SH:  0    Dex: 14 (17) Spells: 5/5 levels left

rFire    + . .     SeeInvis .   a - +0 long sword
rCold    . . .     Gourm    .   (no shield)
rNeg     . . .     Faith    .   l - +0 leather armour (curse)
rPois    .         Spirit   .   c - +0 hat
rElec    .         Reflect  .   (no cloak)
rCorr    .         Harm     .   (no gloves)
MR       .....                  (boots unavailable)
Stlth    +.........             (no amulet)
HPRegen  0.12/turn              k - ring of protection from fire
MPRegen  0.10/turn              j - +1 ring of protection

@: confused, lethally poisoned (-5 -> -29), marked, flying quickly and
evasively, quick
A: beak, talons 3, able to fly
a: Stop Flying


You were on level 3 of the Dungeon.
You were not hungry.

You visited 1 branch of the dungeon, and saw 3 of its levels.

You collected 99 gold pieces.

Inventory:

Hand Weapons
 a - a +0 long sword (weapon)
 q - a +2 hunting sling of flaming
Missiles
 d - 3 throwing nets
 p - 22 sling bullets (quivered)
Armour
 c - a +0 hat (worn)
 l - a cursed +0 leather armour (worn)
Jewellery
 j - a +1 ring of protection (right hand)
 k - a ring of protection from fire (left hand)
Wands
 s - a wand of iceblast (12)
Scrolls
 e - 2 scrolls of amnesia {unknown}
 n - 2 scrolls of identify {unknown}
 o - 3 scrolls of remove curse {unknown}
 t - a scroll of enchant weapon {unknown}
 v - a scroll of fog {unknown}
Comestibles
 f - 7 rations
 g - 3 chunks of flesh


   Skills:
 + Level 2.6 Fighting
 + Level 4.9 Long Blades
 + Level 3.7(4.0) Slings
 - Level 2.0(3.1) Throwing
 + Level 1.1 Armour
 * Level 4.6 Dodging


You had 5 spell levels left.
You didn't know any spells.
Your spell library was empty.

Dungeon Overview and Level Annotations

Branches:
Dungeon (3/15)

Altars:
Uskayaw


Innate Abilities, Weirdness & Mutations

You have a beak for a mouth.
You have claws for feet.
You can fly continuously.


Message History

You feel sick.
The gnoll sergeant hits you with a +3 spear of venom.
You hit the gnoll sergeant.
The gnoll sergeant is heavily wounded.
You feel sick.
The gnoll sergeant completely misses you.
The gnoll sergeant hits you with a +3 spear of venom!
* * * LOW HITPOINT WARNING * * *
You are more poisoned.
You are confused.
You feel invigorated.
* * * LOW HITPOINT WARNING * * *
You feel sick. The gnoll sergeant barely misses you.
The gnoll sergeant hits you with a +3 spear of venom.
* * * LOW HITPOINT WARNING * * *
You bump into the stone wall.
* * * LOW HITPOINT WARNING * * *
You feel sick.
The gnoll sergeant hits you with a +3 spear of venom!
You die...

#....###.##)#....).#
#....#....#.#.)..###
+#######....#########!)##.#
......g#....#.gg(..((.....#
.......'gg..').8#(.g.(...(#
.......'....g..8#..##g'##.#
.......#8..8#..g...#.)..###
####################g.....#
........@ggggg..#)###
#################.).# #...#
##### ≈≈≈ ≈≈≈≈ ..... ....P.
#######


You could see a gnoll sergeant, a gnoll shaman and 4 gnolls.

Vanquished Creatures
  2 gnoll shamans (D:3)
  Ijyb (D:3)
  A worker ant zombie (D:3)
  15 gnolls (D:3)
  An adder (D:3)
  An ooze (D:2)
  2 worms
  2 dart slugs (D:1)
  A leopard gecko (D:2)
  4 orcs (D:3)
  4 giant cockroaches
  5 goblins
  5 hobgoblins
  9 jackals
  2 ball pythons
  7 bats
  3 frilled lizards
  3 kobolds
  3 rats
71 creatures vanquished.

Notes
Turn   | Place    | Note
-------+----------+-------------------------------------------
     0 | D:1      | Revguard the Tengu Gladiator began the quest for the Orb.
     0 | D:1      | Reached XP level 1. HP: 12/12 MP: 2/2
   231 | D:1      | Reached XP level 2. HP: 17/17 MP: 3/3
   554 | D:2      | Reached XP level 3. HP: 11/21 MP: 4/4
  1083 | D:3      | Noticed Ijyb
  1089 | D:3      | Killed Ijyb
  1089 | D:3      | Reached skill level 1 in Slings
  1089 | D:3      | Reached XP level 4. HP: 26/26 MP: 5/5
  1125 | D:3      | Found a hide-covered altar of Uskayaw.
  1369 | D:3      | Gained mutation: You can fly continuously. [Tengu growth]
  1369 | D:3      | Reached XP level 5. HP: 24/30 MP: 6/6
  1483 | D:3      | Reached XP level 6. HP: 30/36 MP: 7/7
  1529 | D:3      | Reached skill level 1 in Armour
  1901 | D:3      | Slain by a gnoll sergeant

Skill      XL: |  1  2  3  4  5  6 |
---------------+-------------------+-----
Dodging        | 4 |  4.6
Long Blades    | 4 |  4.9
Slings         | 1 3 |  3.7
Armour         | 1 |  1.1
Fighting       | |  2.6
Throwing       | |  2.0

Action                   |  1- 3 |  4- 6 || total
-------------------------+-------+-------++-------
Melee: Long sword        |    56 |    48 ||   104
       Kick              |    25 |    25 ||    50
       Peck              |     7 |    10 ||    17
 Fire: Hunting sling     |    15 |    42 ||    57
 Abil: Fly               |       |     1 ||     1
  Use: Scroll            |     2 |       ||     2
       Potion            |       |     6 ||     6
 Stab: Distracted        |       |     1 ||     1
  Eat: Chunk             |       |     3 ||     3
Armor: Leather armour    |    15 |    14 ||    29
Dodge: Dodged            |    48 |    77 ||   125
       Rpst.: Long sword |    12 |    14 ||    26
